AoeStats
← heysamsun

Arena

509430825Analyzed
3v3 RM · 5d ago on Sep 26, 2026· 29m 18s· 6 players
Game mode
Random Map
Map size
Normal (6 player)
Population
200
Speed
Normal
Resources
Standard
Victory
Conquest
Starting age
Dark Age
Ending age
Imperial Age
RankedLock teamsTeams togetherTeam positionsShared explorationLock speedFull tech treeHidden civsTurbo modeCheats
Victory
Defeat
🇺🇸 Turks · United States
809
+16
🇹🇷 Huns · Türkiye
792
+16
🇧🇪 Maya · Belgium
735
+19
🇳🇴 Huns · Norway
900
-63
🇳🇴 Turks · Norway
766
-16
🇳🇴 Wu · Norway
726
-14
heysamsun
10:52 Feudal Age
12:02 Double-Bit Axe
12:17 Horse Collar
12:30 Gold Mining
16:00 Wheelbarrow
21:20 Castle Age
20:23 Bloodlines
20:46 Padded Archer Armor
20:42 Fletching
21:30 Stone Mining
22:12 Bow Saw
22:42 Heavy Plow
28:43 Thumb Ring
29:04 Ballistics
29:36 Husbandry
RosConor
0:30 Loom
14:02 Feudal Age
14:29 Horse Collar
14:37 Double-Bit Axe
20:07 Castle Age
19:14 Scale Mail Armor
20:58 Forging
21:43 Eagle Warrior
22:23 Elite Skirmisher
23:39 Bow Saw
23:57 Heavy Plow
27:11 Hul'che Javelineers
LeeroyJenkins
11:51 Feudal Age
13:38 Double-Bit Axe
13:46 Gold Mining
16:27 Castle Age
20:55 Imperial Age
ETO
13:19 Feudal Age
17:24 Castle Age
22:50 Imperial Age
20:27 Double-Bit Axe
20:34 Gold Mining
22:25 Bow Saw
23:40 Wheelbarrow
stikkontaktengamingpc1
18:53 Feudal Age
25:52 Castle Age
sefjereide
13:33 Feudal Age
15:04 Double-Bit Axe
15:05 Horse Collar
16:07 Stone Mining
16:09 Gold Mining
20:19 Castle Age
18:29 Arson
22:09 Squires
24:36 Husbandry
Connection lost

Rejoining the realm…

Still unreachable

The connection could not be restored.

Session expired

The server has moved on; the page needs a fresh start.